 Dungeon Crawl Stone Soup version 0.30.0-19-g36f170ea60 (webtiles) character file.

Game seed: 14807877280018571257

2884 Ijustatesigmund the Fighter (level 9, -1/62 HPs)
             Began as a Gargoyle Gladiator on May 30, 2023.
             Was an Initiate of Vehumet.
             Slain by Grum
             ... wielding a -1 spear
              (9 damage)
             ... on level 8 of the Dungeon.
             The game lasted 00:13:49 (7732 turns).

Ijustatesigmund the Fighter (Gargoyle Gladiator)    Turns: 7732, Time: 00:13:49

Health: -1/62      AC: 12    Str: 17    XL:     9   Next: 77%
Magic:  9/9        EV: 12    Int: 14    God:    Vehumet [......]
Gold:   355        SH:  0    Dex: 16    Spells: 6/8 levels left

rFire   . . .        a - +1 flail (heavy)
rCold   . . .        (no shield)
rNeg    + . .        b - +1 robe of Kleptomania {Dex+5 Slay+3}
rPois   ∞            c - +0 helmet
rElec   +            (no cloak)
rCorr   .            s - +1 pair of gloves
SInv    .            (no boots)
Will    +....        h - amulet of the acrobat
Stlth   +            j - ring of willpower
HPRegen 0.30/turn    (no ring)
MPRegen 0.11/turn

%: acrobat
@: no status effects
A: sickness immunity, AC +6, negative energy resistance 1, electricity
resistance, torment resistance 1, petrification resistance
a: Renounce Religion


You were on level 8 of the Dungeon.
You worshipped Vehumet.
Vehumet was noncommittal.
You visited 2 branches of the dungeon, and saw 9 of its levels.
You also visited: Sewer.

You collected 355 gold pieces.

Inventory:

Hand Weapons
 a - a +1 heavy flail (weapon)
Missiles
 d - 4 throwing nets (quivered)
 e - a javelin
Armour
 b - the +1 robe of Kleptomania (worn) {Dex+5 Slay+3}
   (You found it on level 2 of the Dungeon)

   Dex:       It affects your dexterity (+5).
   Slay:      It affects your accuracy & damage with ranged weapons and melee
   (+3).
 c - a +0 helmet (worn)
 s - a +1 pair of gloves (worn)
Jewellery
 h - an amulet of the acrobat (around neck)
 j - a ring of willpower (left hand)
Wands
 l - a wand of paralysis (2)
 v - a wand of roots (11)
 x - a wand of flame (27)
Scrolls
 t - 3 scrolls of identify
 u - a scroll of fear
 w - 3 scrolls of teleportation
 y - a scroll of blinking
 A - 2 scrolls of fog
 C - a scroll of amnesia {unknown}
 D - a scroll of magic mapping
Potions
 f - 4 potions of flight
 g - a potion of attraction
 i - a potion of magic
 k - 3 potions of resistance
 n - 2 potions of invisibility
 o - 2 potions of brilliance
 p - 3 potions of haste
 q - 2 potions of mutation
 r - a potion of lignification
 z - a potion of might
 B - a potion of heal wounds
Miscellaneous
 m - a phantom mirror


   Skills:
 + Level 9.7 Fighting
 + Level 9.2 Maces & Flails
 - Level 1.7 Throwing
 - Level 2.4 Dodging
 + Level 0.7 Transmutations
 + Level 1.3 Earth Magic
 - Level 3.7 Evocations


You had 6 spell levels left.
You knew the following spells:

 Your Spells              Type           Power      Damage    Failure   Level
a - Passwall              Tmut/Erth      2%         N/A       28%         2

Your spell library contained the following spells:

 Spells                   Type           Power      Damage    Failure   Level
 Ignite Poison            Fire/Tmut/Pois 0%         N/A       61%         3
 Freezing Cloud           Conj/Ice/Air   0%         6-21      100%        5
 Cigotuvi's Dreadful Rot  Necr/Pois/Air  Unusable   N/A       N/A         2

Dungeon Overview and Level Annotations

Branches:
Dungeon (8/15)             Temple (1/1) D:6           Sewer (visited)
   Lair: D:8-11

Altars:
Cheibriados
Dithmenos
Fedhas
Hepliaklqana
Nemelex Xobeh
Okawaru
Qazlal
Sif Muna
Trog
Uskayaw
Vehumet
Xom

Annotations:
D:8 Grum


Innate Abilities, Weirdness & Mutations

You are immune to sickness and miasma.
Your stone body is resilient. (AC +6)
You are immune to poison.
You resist negative energy. (rN+)
You are resistant to electric shocks. (rElec)
You are resistant to unholy torment.
You are immune to petrification.


Message History

You bludgeon the wolf!!
You kill the wolf!
Vehumet accepts your kill.
Grum hits you from afar with a -1 spear!
The wolf barely misses you.
Grum hits you from afar with a -1 spear.
You bludgeon the wolf!!
The wolf is severely wounded.
The wolf bites you but does no damage. The wolf barely misses you.
Grum hits you from afar with a -1 spear!
The wolf misses you.
You are too injured to fight recklessly!
You are too injured to fight recklessly!
You are too injured to fight recklessly!
You are too injured to fight recklessly!
You are too injured to fight recklessly!
You are too injured to fight recklessly!
You are too injured to fight recklessly!
You are too injured to fight recklessly!
You are too injured to fight recklessly!
You are too injured to fight recklessly!
You are too injured to fight recklessly!
You are too injured to fight recklessly!
You are too injured to fight recklessly!
You are too injured to fight recklessly!
You are too injured to fight recklessly!
You are too injured to fight recklessly!
You are too injured to fight recklessly!
You hit the wolf.
The wolf is almost dead.
The wolf bites you!
Grum hits you from afar with a -1 spear!
* * * LOW HITPOINT WARNING * * *
The wolf barely misses you.
You closely miss the wolf.
The wolf is almost dead.
The wolf bites you but does no damage. Grum misses you. The wolf bites you.
* * * LOW HITPOINT WARNING * * *
Grum hits you from afar with a -1 spear!
You die...

##+### #....## +.....
#....# #.... ###+####
.g. #......# #h#
#......#### #@#
#.........## #.#
#......##..####.#
#............##.#
##.####.####....##
###)##.....##.#..>###
...)#....)..#.#.....#
.#..#.......#.).....#
.#......_....)......#


You could see Grum and a wolf.

Vanquished Creatures
  Grinder (Sewer)
  An ice beast (D:3)
  2 orc warriors
  A sky beast (D:4)
  4 ogres
  A wolf (D:8)
  3 phantoms
  A centaur (D:6)
  2 kobold brigands (Sewer)
  2 bullfrogs (D:6)
  5 scorpions
  4 hounds
  3 jellies
  4 orc priests
  A sleepcap (D:6)
  8 orc wizards
  Natasha (twice) (D:2)
  4 iguanas (D:6)
  6 adders
  3 gnolls (D:8)
  5 shadow imps
  A white imp (D:5)
  3 ufetubi (Sewer)
  2 adder zombies (Sewer)
  7 worms
  2 dart slugs
  34 orcs
  8 bats
  A bat zombie (Sewer)
  2 endoplasms
  3 giant cockroaches
  7 goblins
  7 hobgoblins
  22 kobolds
  6 quokkas
  12 ball pythons
  4 frilled lizards
  A kobold zombie (Sewer)
  3 rats
188 creatures vanquished.

Notes
Turn   | Place    | Note
-------+----------+-------------------------------------------
     0 | D:1      | Ijustatesigmund the Gargoyle Gladiator began the quest for
                  | the Orb.
     0 | D:1      | Reached XP level 1. HP: 12/12 MP: 1/1
   195 | D:1      | Reached XP level 2. HP: 18/18 MP: 2/2
   746 | D:2      | Reached XP level 3. HP: 23/23 MP: 3/3
  1331 | D:2      | Identified the +1 robe of Kleptomania {Dex+5 Slay+3}
  1396 | D:2      | Noticed Natasha
  1401 | D:2      | Killed Natasha
  1402 | D:2      | Reached XP level 4. HP: 23/29 MP: 4/4
  1474 | D:2      | Noticed Natasha
  1485 | D:2      | Killed Natasha
  2353 | D:3      | Found a sparkling altar of Nemelex Xobeh.
  2370 | D:3      | Reached XP level 5. HP: 33/33 MP: 5/5
  2724 | D:3      | Noticed an ice beast
  2729 | D:3      | Killed an ice beast
  2730 | D:3      | Reached skill level 5 in Fighting
  2730 | D:3      | Reached skill level 5 in Maces & Flails
  2730 | D:3      | Reached XP level 6. HP: 38/40 MP: 6/6
  2856 | D:3      | Found a glowing drain.
  2860 | Sewer    | Entered a sewer
  3153 | Sewer    | Reached XP level 7. HP: 22/46 MP: 7/7
  3246 | Sewer    | Found an ancient bone altar of Kikubaaqudgha.
  3316 | Sewer    | Noticed Grinder
  3338 | Sewer    | Paralysed by Grinder for 2 turns
  3359 | Sewer    | Killed Grinder
  3920 | D:4      | Found a stormy altar of Qazlal.
  3936 | D:4      | Reached XP level 8. HP: 53/53 MP: 8/8
  4440 | D:4      | Found a snail-covered altar of Cheibriados.
  4761 | D:5      | Entered Level 5 of the Dungeon
  5089 | D:5      | Found a shimmering altar of Xom.
  5370 | D:5      | Found a hazy altar of Hepliaklqana.
  5455 | D:5      | Reached skill level 1 in Evocations
  5755 | D:5      | Reached XP level 9. HP: 60/60 MP: 9/9
  5850 | D:6      | Found an iron altar of Okawaru.
  6284 | D:6      | Found a shimmering blue altar of Sif Muna.
  6373 | D:6      | Found a bloodstained altar of Trog.
  6379 | D:6      | Got Sif Muna's Elucidation of Talus
  6607 | D:6      | Found a blossoming altar of Fedhas.
  6662 | D:6      | Found a hide-covered altar of Uskayaw.
  6669 | D:6      | Identified the +0 whip "Qereh" {heavy, rC++}
  6732 | D:6      | Found a staircase to the Ecumenical Temple.
  6741 | Temple   | Entered the Ecumenical Temple
  7197 | D:7      | Learned a level 2 spell: Passwall
  7366 | D:7      | Found a shadowy altar of Dithmenos.
  7615 | D:8      | Found a radiant altar of Vehumet.
  7684 | D:8      | Reached skill level 1 in Earth Magic
  7712 | D:8      | Became a worshipper of Vehumet
  7726 | D:8      | Noticed Grum
  7732 | D:8      | Slain by Grum

Illustrated notes

Levels and vault maps discovered:
D:1:      minmay_arrival_stair_chambers, layout_rooms, corexii_hall_statues_i
D:2:      layout_basic, uniq_natasha
D:3:      layout_rooms, nemelex_spade_bored_becter, gup_sewer_entry_spiral
D:4:      layout_basic, mainiacjoe_overflow_catwalk,
          nicolae_qazlal_beasts_of_the_sky, serial_aquarium,
          aquarium_bridge_square [aquarium_subvault_wall,
          aquarium_subvault_bridge, aquarium_subvault_wall,
          aquarium_subvault_bridge], aquarium_window_fake, aquarium_window_1,
          aquarium_window_corner, aquarium_window_corridor_1, aquarium_view_2e,
          aquarium_balcony_3a
D:5:      layout_basic, mainiacjoe_overflow_six_doors_small,
          nicolae_hepliaklqana_hippocampus
D:6:      nicolae_cairo_tiling_large_dashed, layout_gridville,
          nzn_overflow_gifts_of_might_and_magic, eat_drink_and_be_merry_uskayaw,
          okawaru_gym_becter, mainiacjoe_overflow_alcove_2,
          minmay_temple_entry_mist
D:7:      layout_basic, nicolae_dithmenos_through_a_glass_darkly
D:8:      layout_basic, old_standard_altar,
          mainiacjoe_overflow_concentric_impassable,
          lemuel_zombie_altar_kikubaaqudgha, uniq_grum
Temple:   ebering_the_none_and_only

Skill      XL: |  1  2  3  4  5  6  7  8  9 |
---------------+----------------------------+-----
Fighting       | 3 4 5 6 7 8 9 |  9.7
Maces & Flails | 4 5 6 7 8 9 |  9.2
Evocations     | 1 3 |  3.7
Earth Magic    | 1 |  1.3
Throwing       | |  1.7
Dodging        | |  2.4
Transmutations | |  0.7

Action                     |  1- 3 |  4- 6 |  7- 9 || total
---------------------------+-------+-------+-------++-------
  Melee: Flail             |   112 |   137 |   251 ||   500
         Punch             |     3 |     1 |     3 ||     7
  Throw: Throwing net      |       |       |     3 ||     3
  Evoke: Wand              |       |     5 |       ||     5
         Phantom mirror    |       |       |     1 ||     1
    Use: Scroll            |     2 |     5 |     9 ||    16
         Potion            |       |     6 |     2 ||     8
   Stab: Sleeping          |     1 |       |     4 ||     5
         Paralysed         |       |     1 |       ||     1
         Distracted        |       |       |     1 ||     1
 Armour: Leather armour    |    42 |       |       ||    42
         Robe              |     5 |    64 |   157 ||   226
         Skin              |       |   123 |       ||   123
  Dodge: Dodged            |    84 |   126 |   238 ||   448
